Map: 2000 Atmospheres LE

Players

Reynor - Winner!

  • Race: Zerg Zerg

Dark

  • Race: Zerg Zerg

Event: IEM Katowice 2022

VOD

Have the link to the VOD?

Description

Time

  • Played on: Feb. 26, 2022, 1:23 p.m.
  • Length: 37:31

All games in this series

Show
View Real Time Build Order
Export as new Build Order

Reynor Zerg - Winner!

Build Orders: Hatch First, Lurkers 

Get SALT Encoding   

  12  0:00  Drone  
  13  0:12  Overlord  
  13  0:16  Drone  
  14  0:30  Drone x2  
  16  0:47  Hatchery  
  15  0:50  Drone  
  15  0:54  Drone  
  17  0:57  Drone  
  18  1:08  Extractor  
  17  1:13  Spawning Pool  
  17  1:15  Drone  
  17  1:19  Drone  
  18  1:27  Drone  
  19  1:38  Drone  
  20  1:49  Drone  
  21  1:59  Overlord  
  21  2:00  Queen x2  
  21  2:01  Zergling x2  
  26  2:08  Metabolic Boost  
  26  2:10  Drone  
  26  2:11  Drone  
  28  2:20  Drone  
  28  2:21  Drone  
  30  2:33  Hatchery  
  30  2:34  Drone  
  30  2:37  Drone  
  30  2:42  Drone x2  
  33  2:47  Baneling Nest  
  32  2:54  Overlord  
  32  2:56  Drone  
  33  3:03  Drone  
  33  3:04  Drone  
  35  3:08  Drone  
  36  3:14  Evolution Chamber  
  36  3:15  Zergling x4  
  36  3:17  Queen, Drone x2  
  41  3:20  Zergling x2  
  41  3:23  Overlord  
  41  3:26  Drone  
  43  3:28  Zergling x2  
  44  3:43  Drone x5  
  44  3:46  Overlord  
  44  3:48  Drone  
  50  3:50  Drone  
  50  3:51  Drone  
  50  3:52  Drone  
  50  3:54  Zerg Missile Weapons Level 1  
  53  3:55  Drone  
  53  3:56  Drone  
  54  4:03  Roach Warren  
  54  4:05  Drone  
  54  4:06  Extractor  
  54  4:07  Extractor, Roach Warren  
  54  4:09  Drone x2  
  54  4:13  Lair  
  54  4:17  Drone x2  
  54  4:18  Baneling  
  54  4:19  Drone x2  
  54  4:23  Zergling x6  
  61  4:25  Drone x2  
  61  4:28  Overlord  
  61  4:30  Baneling  
  61  4:31  Baneling  
  63  4:35  Drone x2  
  63  4:36  Drone  
  66  4:40  Overlord  
  66  4:43  Baneling  
  66  4:44  Baneling  
  66  4:46  Overlord  
  66  4:48  Baneling  
  66  4:52  Zergling x12  
  72  4:53  Drone x2  
  72  5:01  Overlord  
  69  5:12  Drone x5  
  69  5:13  Overlord  
  68  5:16  Drone  
  68  5:17  Drone  
  68  5:19  Drone  
  71  5:24  Queen  
  71  5:25  Queen, Drone  
  71  5:26  Extractor  
  75  5:29  Drone  
  75  5:31  Drone  
  77  5:38  Drone  
  77  5:39  Overlord  
  77  5:40  Drone  
  78  5:48  Roach x4  
  79  5:50  Roach x3  
  79  5:53  Roach  
  79  5:54  Overseer, Roach  
  89  5:58  Drone  
  89  5:59  Queen  
  89  6:00  Zerg Missile Weapons Level 2  
  89  6:03  Queen, Drone  
  95  6:06  Pneumatized Carapace  
  95  6:07  Extractor  
  95  6:09  Roach, Extractor  
  95  6:11  Drone  
  96  6:14  Drone x2  
  96  6:18  Overlord  
  98  6:19  Drone x2  
  98  6:22  Drone  
  98  6:24  Overseer  
  98  6:25  Glial Reconstitution  
  101  6:30  Drone x2  
  101  6:31  Hydralisk Den  
  101  6:32  Drone x2, Hatchery  
  103  6:37  Overlord  
  103  6:42  Drone  
  103  6:44  Infestation Pit  
  103  6:45  Roach  
  103  6:46  Roach x5  
  115  6:47  Overseer  
  115  6:49  Roach  
  115  6:51  Overlord  
  115  6:54  Roach  
  119  6:59  Overlord  
  119  7:04  Roach  
  119  7:05  Roach x4  
  119  7:07  Overlord  
  129  7:12  Drone  
  131  7:15  Drone  
  131  7:16  Lurker Den  
  130  7:23  Overlord  
  130  7:25  Hive  
  130  7:27  Drone x2  
  130  7:29  Spore Crawler, Overseer  
  131  7:31  Overlord  
  131  7:33  Spore Crawler  
  131  7:34  Drone  
  131  7:35  Roach x6  
  143  7:39  Drone  
  143  7:41  Spore Crawler  
  143  7:42  Overlord  
  143  7:48  Roach x4  
  143  7:49  Roach x2  
  155  7:52  Spore Crawler, Drone x2  
  155  7:57  Drone  
  155  7:58  Spore Crawler  
  156  8:03  Drone  
  156  8:04  Spore Crawler  
  156  8:06  Hydralisk x4  
  156  8:08  Ravager x4  
  156  8:11  Overlord  
  156  8:12  Overlord  
  168  8:15  Overlord  
  168  8:21  Hydralisk  
  168  8:22  Overlord  
  168  8:30  Overlord  
  168  8:32  Lurker x3  
  171  8:37  Lurker  
  171  8:38  Roach x4  
  177  8:50  Roach x11  
  179  9:05  Roach x9  
  179  9:09  Roach x2  
  182  9:16  Roach x3  
  152  9:25  Hydralisk x4  
  152  9:26  Hatchery  
  159  9:40  Seismic Spines  
  159  9:45  Overlord  
  159  9:48  Drone x2  
  159  9:50  Lurker x2  
  159  9:51  Lurker  
  164  9:53  Overlord  
  164  9:58  Lurker  
  165  10:01  Drone x4  
  165  10:05  Roach x5  
  165  10:06  Overlord  
  179  10:15  Spore Crawler  
  179  10:16  Extractor  
  179  10:18  Extractor  
  179  10:19  Drone x3  
  179  10:20  Hydralisk  
  179  10:21  Hydralisk  
  181  10:26  Spore Crawler  
  181  10:27  Zerg Missile Weapons Level 3  
  182  10:29  Evolution Chamber  
  181  10:35  Drone x2  
  181  10:36  Drone  
  181  10:41  Muscular Augments  
  181  10:42  Adaptive Talons  
  184  10:43  Hydralisk  
  184  10:46  Overlord  
  184  10:55  Drone  
  181  11:00  Zerg Ground Armor Level 1  
  181  11:01  Drone x3  
  182  11:12  Drone x2  
  182  11:15  Viper x2  
  182  11:17  Drone x2  
  192  11:20  Hydralisk x3  
  192  11:21  Spore Crawler x2, Spine Crawler  
  192  11:23  Hatchery  
  194  11:40  Hydralisk x3  
  194  11:46  Drone x3  
  195  11:50  Drone x8  
  195  11:53  Grooved Spines  
  190  12:06  Lurker  
  190  12:07  Lurker x2  
  193  12:18  Hydralisk  
  193  12:19  Hydralisk x2  
  199  12:22  Hatchery  
  198  12:49  Overseer  
  198  13:11  Overseer  
  198  13:28  Drone x2  
  198  13:31  Overseer  
  190  13:43  Lurker x6  
  190  13:46  Drone x4  
  190  13:47  Spore Crawler x2  
  190  13:48  Spore Crawler  
  197  13:53  Spore Crawler  
  196  13:56  Spore Crawler x2  
  196  13:57  Spore Crawler x2  
  196  13:59  Extractor  
  196  14:00  Extractor  
  196  14:02  Hatchery  
  189  14:08  Viper x3  
  198  14:13  Spore Crawler x2  
  198  14:15  Spore Crawler  
  195  14:22  Zerg Ground Armor Level 2  
  195  14:29  Spine Crawler x2  
  195  14:30  Hydralisk x3  
  199  14:33  Overseer x6  
  199  14:47  Spore Crawler  
  199  14:48  Spore Crawler  
  199  14:51  Drone x3  
  200  15:17  Overseer x6  
  189  15:22  Hydralisk  
  189  15:23  Hydralisk x7  
  198  15:32  Hydralisk x2  
  200  15:49  Overseer x6  
  198  16:11  Queen  
  198  16:17  Extractor  
  199  16:18  Extractor  
  198  16:36  Overseer  
  198  16:39  Drone x2  
  199  16:40  Spine Crawler, Drone  
  199  16:41  Spine Crawler  
  199  16:42  Spine Crawler  
  199  16:44  Overseer  
  199  16:47  Hydralisk x2  
  200  17:10  Zerg Ground Armor Level 3  
  198  17:40  Drone x2  
  194  18:03  Viper  
  194  18:04  Viper x4  
  192  18:32  Overseer  
  182  18:43  Hatchery  
  177  18:49  Overseer  
  177  19:00  Hydralisk x11  
  199  19:16  Hatchery  
  186  19:29  Hydralisk x13  
  186  19:30  Roach Warren  
  198  19:33  Overseer  
  198  19:39  Lurker x2  
  200  19:53  Overseer  
  200  20:09  Overseer x2  
  200  20:16  Lurker x3  
  200  20:17  Overseer x2  
  197  20:32  Hatchery  
  196  20:37  Hydralisk x2  
  196  20:41  Overseer x5  
  200  20:50  Overseer x2  
  200  21:10  Unknown  
  196  21:24  Lurker x4  
  197  21:36  Extractor  
  197  21:37  Extractor  
  195  21:55  Overseer x2  
  195  21:59  Viper x3  
  182  22:58  Hatchery, Lurker  
  182  22:59  Lurker x5  
  187  23:15  Hatchery  
  187  23:19  Viper x2  
  179  23:20  Viper x2  
  177  23:34  Overseer  
  177  23:37  Viper x3  
  177  23:39  Overlord  
  183  23:43  Overseer  
  183  23:52  Drone  
  183  23:53  Drone  
  185  23:55  Evolution Chamber  
  185  23:56  Hydralisk x5  
  185  23:57  Evolution Chamber  
  185  23:59  Overlord  
  193  24:17  Hydralisk  
  193  24:18  Hydralisk x2  
  190  24:37  Overseer  
  187  24:42  Viper x2  
  190  24:47  Overseer  
  190  24:51  Overlord  
  190  24:56  Extractor  
  190  24:57  Extractor  
  188  25:02  Overseer  
  188  25:03  Overlord  
  188  25:05  Overseer  
  188  25:06  Drone, Evolution Chamber  
  188  25:07  Overlord, Drone x2  
  186  25:24  Hydralisk x7  
  188  25:36  Lurker x3  
  188  25:38  Hydralisk x4  
  188  25:41  Overseer  
  199  25:44  Overseer x3  
  199  25:56  Overseer  
  199  26:13  Overseer x3  
  193  26:48  Overseer  
  193  26:57  Hydralisk x3  
  193  26:58  Hydralisk x7  
  194  27:02  Drone x3  
  194  27:03  Overseer x3  
  186  27:18  Queen  
  186  27:19  Drone x5  
  193  27:25  Drone x3  
  193  27:28  Lurker x4  
  194  28:00  Hydralisk x2  
  194  28:01  Hydralisk  
  195  28:08  Overseer  
  186  28:51  Evolution Chamber  
  186  28:54  Overlord, Evolution Chamber  
  184  28:58  Lurker x3  
  184  28:59  Lurker x3  
  190  29:13  Overseer x2  
  184  29:31  Overseer x3  
  181  29:32  Roach x4  
  181  29:34  Overlord x2  
  181  29:35  Overlord x2  
  180  29:39  Overlord  
  180  29:42  Overseer x3  
  174  29:47  Overlord  
  174  29:50  Overseer  
  174  29:51  Overlord  
  155  30:08  Viper x4  
  155  30:10  Hydralisk x7  
  155  30:11  Hydralisk x7  
  187  30:15  Overseer x3  
  187  30:29  Hatchery  
  183  30:39  Hydralisk x9  
  198  30:45  Overseer  
  198  30:56  Overlord x3  
  195  31:15  Lurker x4  
  199  31:25  Lurker  
  200  31:26  Hatchery  
  200  31:30  Lurker  
  200  31:47  Unknown  
  199  31:57  Overseer x3  
  199  32:32  Overseer x3  
  183  32:49  Overseer x3  
  183  32:50  Hydralisk x6  
  183  32:51  Hydralisk x2  
  195  32:55  Overseer  
  195  32:58  Drone  
  185  33:22  Lurker x5  
  185  33:23  Hydralisk x4  
  198  33:33  Overseer x5  
  198  33:41  Drone x5  
  200  34:04  Extractor  
  200  34:09  Drone x3  
  198  34:10  Overseer  
  198  34:17  Extractor  
  198  34:23  Overseer  
  197  34:42  Overseer  
  197  34:52  Overseer  
  193  35:09  Overseer  
  189  35:26  Overseer x2  
  186  35:31  Viper x4  
  186  35:35  Overseer  
  189  35:47  Overseer  
  189  35:56  Viper x2  
  189  35:57  Viper  
  198  36:13  Drone x2  
  179  36:35  Hydralisk x5  
  179  36:36  Hydralisk x11  
  160  36:42  Lurker x10  
  160  36:46  Overseer  
  168  36:50  Roach x12  
  168  36:53  Overseer x3  
  168  36:54  Overseer  
  183  36:56  Overseer  
  183  37:00  Overseer x4  
  166  37:09  Overlord  
Show
View Real Time Build Order
Export as new Build Order

Dark Zerg 

Build Orders: Hatch First, Lurkers 

Get SALT Encoding   

  12  0:00  Drone  
  13  0:11  Overlord  
  13  0:17  Drone  
  14  0:30  Drone x2  
  16  0:47  Hatchery  
  15  0:51  Drone  
  15  0:54  Drone  
  17  0:57  Drone  
  18  1:08  Extractor  
  17  1:12  Spawning Pool  
  17  1:15  Drone  
  17  1:19  Drone  
  18  1:28  Drone  
  19  1:39  Drone  
  20  1:49  Drone  
  21  1:59  Queen x2  
  21  2:00  Zergling x2  
  21  2:01  Drone  
  27  2:09  Overlord  
  27  2:11  Drone  
  27  2:12  Metabolic Boost  
  28  2:28  Zergling x2, Drone  
  30  2:33  Drone x2  
  32  2:38  Hatchery  
  31  2:44  Queen  
  31  2:51  Baneling Nest  
  32  2:57  Overlord  
  32  2:58  Drone  
  32  3:02  Zergling x2  
  32  3:03  Drone  
  34  3:07  Drone  
  35  3:16  Drone x4  
  35  3:19  Overlord  
  39  3:21  Drone  
  39  3:24  Drone  
  41  3:28  Drone x2  
  41  3:33  Evolution Chamber  
  42  3:37  Drone x2  
  44  3:43  Drone  
  44  3:45  Overlord  
  45  3:48  Drone x3  
  45  3:50  Extractor  
  45  3:51  Baneling  
  45  3:52  Drone x2  
  49  3:58  Overlord  
  49  3:59  Drone  
  49  4:01  Zerg Missile Weapons Level 1  
  50  4:07  Roach Warren  
  50  4:09  Zergling x4  
  51  4:10  Zergling x2  
  51  4:11  Baneling  
  51  4:12  Baneling  
  51  4:13  Zergling x2  
  53  4:20  Zergling x4  
  53  4:21  Zergling x6  
  58  4:25  Lair  
  58  4:29  Drone  
  58  4:30  Extractor  
  58  4:31  Extractor  
  58  4:34  Baneling  
  58  4:36  Zergling x4  
  58  4:37  Drone x2  
  61  4:41  Overlord  
  61  4:42  Drone  
  61  4:44  Baneling  
  61  4:45  Drone x2  
  62  5:05  Roach x3  
  65  5:10  Roach x4  
  65  5:11  Drone x4  
  65  5:13  Drone, Baneling x2  
  76  5:17  Drone  
  76  5:18  Drone  
  76  5:20  Roach  
  80  5:25  Overlord  
  80  5:33  Glial Reconstitution  
  76  5:42  Drone  
  76  5:43  Drone  
  76  5:44  Drone x4  
  76  5:47  Drone x4  
  76  5:49  Overseer  
  83  5:51  Drone x4  
  83  5:53  Drone x3  
  90  5:57  Spire  
  90  6:02  Drone  
  90  6:05  Overlord  
  90  6:09  Overlord, Extractor, Zerg Missile Weapons Level 2  
  89  6:13  Overlord  
  89  6:17  Overseer, Extractor  
  88  6:35  Overlord x2, Roach x6  
  88  6:36  Overlord x2  
  88  6:38  Overlord x2  
  100  6:45  Hatchery  
  99  6:47  Drone  
  100  6:58  Roach x4  
  108  7:10  Mutalisk  
  108  7:11  Mutalisk x5  
  108  7:14  Roach x3  
  126  7:20  Drone  
  126  7:21  Drone x4  
  131  7:24  Roach x2  
  131  7:27  Overlord  
  131  7:29  Roach x4  
  143  7:32  Roach  
  143  7:33  Overseer  
  145  7:38  Drone  
  145  7:40  Roach  
  145  7:42  Extractor  
  147  7:46  Roach x2  
  147  7:47  Roach x5  
  161  7:55  Roach x3  
  167  8:01  Overlord  
  167  8:04  Overlord  
  167  8:05  Overlord  
  167  8:07  Overlord  
  167  8:08  Overlord  
  167  8:17  Overlord x2  
  167  8:18  Roach x4  
  175  8:20  Roach x3  
  175  8:22  Overseer  
  175  8:24  Ravager x3  
  175  8:25  Ravager  
  175  8:26  Zerg Ground Armor Level 1, Roach  
  189  8:27  Roach  
  189  8:33  Overseer  
  189  8:34  Roach x2  
  189  8:35  Roach, Extractor  
  189  8:38  Roach  
  196  8:54  Hydralisk Den  
  191  8:55  Infestation Pit  
  191  8:57  Roach x7  
  116  9:23  Roach x14  
  116  9:24  Roach  
  136  9:30  Roach  
  138  9:31  Hive  
  138  9:32  Lurker Den  
  138  9:33  Roach  
  138  9:36  Overlord  
  138  9:37  Roach x4  
  147  9:40  Overseer  
  147  9:43  Roach  
  147  9:45  Pneumatized Carapace  
  149  9:48  Drone x2  
  149  9:49  Roach  
  153  9:56  Hydralisk x3, Drone  
  153  9:57  Hydralisk  
  153  9:59  Roach  
  164  10:05  Roach x3  
  170  10:08  Hydralisk  
  172  10:16  Drone x4  
  172  10:17  Hydralisk x3  
  172  10:20  Drone x2  
  184  10:23  Spore Crawler  
  184  10:25  Spore Crawler  
  184  10:27  Overseer  
  182  10:30  Lurker x4  
  182  10:31  Spore Crawler  
  182  10:33  Spore Crawler  
  182  10:34  Drone  
  183  10:38  Hatchery  
  182  10:43  Seismic Spines  
  182  10:50  Zerg Missile Weapons Level 3  
  182  10:55  Drone x4  
  182  10:57  Drone x2  
  186  11:00  Spore Crawler  
  186  11:01  Spore Crawler  
  184  11:07  Viper  
  184  11:08  Viper  
  184  11:09  Spore Crawler  
  184  11:10  Spore Crawler, Drone  
  189  11:14  Spore Crawler  
  188  11:20  Spore Crawler  
  188  11:23  Spore Crawler x2, Viper  
  188  11:26  Viper  
  191  11:35  Hydralisk x3  
  191  11:39  Lurker  
  198  11:40  Adaptive Talons  
  172  12:04  Lurker x5  
  172  12:06  Drone x4  
  172  12:07  Drone x3  
  178  12:09  Spore Crawler, Drone  
  178  12:10  Spore Crawler  
  178  12:11  Spore Crawler x2  
  175  12:16  Hydralisk x2  
  175  12:18  Drone x2  
  175  12:19  Hydralisk x2  
  175  12:21  Spore Crawler, Grooved Spines  
  184  12:23  Spine Crawler  
  184  12:26  Spore Crawler  
  184  12:27  Lurker  
  183  12:37  Spore Crawler  
  183  12:44  Spine Crawler x2  
  181  12:47  Spore Crawler  
  181  12:51  Lurker x2  
  171  13:02  Drone x3  
  174  13:06  Extractor  
  174  13:07  Extractor  
  174  13:08  Spore Crawler  
  174  13:09  Hydralisk x4  
  174  13:10  Spore Crawler x2, Hydralisk  
  174  13:11  Hatchery  
  178  13:13  Drone x4  
  178  13:15  Spore Crawler  
  182  13:23  Drone x2  
  181  13:27  Zerg Ground Armor Level 2  
  181  13:32  Muscular Augments  
  177  13:39  Lurker x5  
  180  13:45  Hatchery  
  179  13:51  Hydralisk x5  
  179  13:53  Spore Crawler, Drone x5  
  193  14:00  Overseer, Spine Crawler  
  186  14:09  Nydus Network, Drone x4  
  187  14:12  Viper x2  
  187  14:13  Viper  
  187  14:16  Drone x2  
  198  14:17  Evolution Chamber x3  
  198  14:18  Drone, Evolution Chamber  
  198  14:19  Evolution Chamber  
  194  14:26  Spore Crawler  
  194  14:27  Overseer x2  
  193  14:47  Nydus Canal  
  193  15:07  Hydralisk  
  193  15:08  Nydus Canal  
  195  15:14  Hydralisk x2  
  179  15:23  Hydralisk x3  
  179  15:35  Lurker x3  
  170  15:36  Lurker  
  170  15:37  Hydralisk x3  
  170  15:41  Lurker  
  173  15:43  Viper x2  
  173  15:45  Drone x4  
  173  15:48  Spore Crawler, Lurker x2  
  173  15:49  Spore Crawler  
  183  15:51  Spore Crawler  
  183  15:52  Hydralisk x2  
  183  15:53  Spore Crawler  
  183  15:54  Zerg Ground Armor Level 3  
  183  15:56  Lurker x3  
  182  15:58  Overseer  
  182  16:01  Drone x3  
  183  16:08  Lurker x4  
  183  16:09  Hydralisk x2  
  185  16:12  Drone x3  
  185  16:13  Drone x2  
  185  16:15  Drone x2  
  185  16:16  Spore Crawler, Drone x3  
  190  16:23  Spore Crawler  
  190  16:24  Spore Crawler  
  188  16:30  Lurker  
  188  16:31  Hydralisk x3  
  195  16:35  Overseer  
  195  16:45  Hydralisk x2  
  199  16:54  Lurker  
  200  16:59  Spore Crawler  
  200  17:00  Spore Crawler  
  200  17:01  Spore Crawler  
  187  17:06  Hydralisk x2  
  189  17:10  Lurker  
  189  17:11  Hydralisk x2  
  189  17:12  Hydralisk, Lurker x2  
  189  17:13  Hydralisk  
  200  17:37  Overlord  
  200  17:46  Spore Crawler x2  
  200  17:48  Spore Crawler x2  
  200  17:50  Hydralisk x2  
  190  18:04  Viper x2  
  193  18:06  Lurker x6  
  193  18:12  Spine Crawler  
  195  18:20  Overseer  
  195  18:29  Evolution Chamber x2  
  195  18:30  Overseer  
  195  18:32  Evolution Chamber  
  192  18:36  Hydralisk x2  
  192  18:37  Hydralisk x2  
  200  18:43  Overseer  
  200  18:45  Hydralisk  
  196  18:56  Overseer  
  196  19:04  Hydralisk x2  
  197  19:20  Overseer  
  197  19:22  Hydralisk x2  
  198  19:29  Lurker  
  199  19:39  Hatchery  
  199  19:44  Lurker x2  
  197  19:49  Lurker  
  197  19:50  Lurker  
  193  20:30  Hydralisk x3  
  199  20:38  Unknown  
  199  20:41  Spore Crawler  
  199  20:42  Overlord  
  197  20:43  Overseer  
  197  20:46  Hydralisk  
  199  20:52  Spore Crawler  
  199  20:53  Hydralisk  
  200  21:00  Overseer  
  200  21:16  Hatchery  
  199  21:29  Spore Crawler  
  199  21:30  Spore Crawler x2  
  199  21:31  Spore Crawler x2  
  199  21:32  Spore Crawler, Hydralisk x3  
  195  21:33  Spore Crawler  
  195  21:34  Spore Crawler, Lurker x2  
  195  21:35  Lurker  
  200  21:41  Spine Crawler x2  
  200  21:42  Spore Crawler, Overseer  
  200  21:45  Nydus Canal  
  185  22:01  Lurker x4  
  189  22:03  Overseer  
  189  22:07  Hydralisk x3  
  195  22:10  Spore Crawler  
  194  22:20  Spore Crawler  
  193  22:29  Overseer  
  190  22:31  Overseer  
  190  22:32  Lurker x7  
  190  22:34  Hydralisk x5  
  189  22:48  Hydralisk x4  
  189  22:50  Extractor  
  189  22:51  Spore Crawler, Extractor  
  192  22:52  Spore Crawler, Spine Crawler  
  192  22:53  Spore Crawler x2, Drone, Spine Crawler x2  
  192  22:54  Drone x2  
  185  22:59  Hydralisk x2  
  189  23:06  Hydralisk x4  
  191  23:22  Hydralisk x4  
  191  23:24  Evolution Chamber x2  
  191  23:25  Evolution Chamber  
  196  23:27  Evolution Chamber  
  192  23:37  Viper x4  
  192  23:39  Nydus Canal  
  192  23:40  Hydralisk  
  200  23:51  Overlord x2  
  200  23:52  Overseer x4  
  200  23:55  Evolution Chamber  
  200  23:58  Lurker  
  200  24:10  Spore Crawler  
  185  24:40  Hydralisk x2  
  185  24:41  Hydralisk x3  
  190  24:49  Viper x3  
  199  25:13  Evolution Chamber  
  199  25:14  Evolution Chamber  
  197  25:17  Evolution Chamber  
  197  25:20  Evolution Chamber  
  189  25:38  Hydralisk x5  
  199  25:53  Overseer  
  199  25:54  Overseer  
  199  25:55  Overseer x2  
  199  25:59  Overlord x5  
  199  26:03  Nydus Canal  
  191  26:45  Hydralisk x2  
  191  26:46  Hydralisk x4  
  199  26:59  Hydralisk  
  181  27:08  Hydralisk x12  
  181  27:09  Hydralisk x4  
  181  27:11  Hydralisk x3  
  188  27:16  Lurker x6  
  188  27:23  Drone  
  188  27:24  Drone x3  
  192  27:33  Lurker x2  
  194  27:58  Overlord  
  191  28:05  Hydralisk  
  193  28:06  Lurker x4  
  197  28:14  Overseer x4  
  197  28:16  Hydralisk  
  199  28:20  Overseer x2  
  199  28:27  Overseer x2  
  196  28:36  Hydralisk x2  
  200  28:45  Hydralisk x3  
  192  29:25  Hydralisk x3  
  195  29:45  Hydralisk  
  190  30:03  Queen  
  192  30:09  Hatchery  
  185  30:15  Hydralisk x3  
  185  30:16  Hydralisk x4  
  185  30:17  Hatchery  
  191  30:27  Hydralisk x4  
  197  30:43  Overseer x2  
  197  30:48  Overlord x3  
  197  30:49  Extractor  
  196  30:50  Extractor  
  193  31:05  Overseer  
  193  31:11  Overseer x3  
  193  31:21  Drone x5  
  198  31:30  Hydralisk  
  200  31:49  Extractor  
  200  31:53  Extractor  
  198  32:18  Overseer x2  
  198  32:25  Hydralisk  
  200  32:37  Overseer x6  
  188  33:22  Lurker x2  
  188  33:23  Hydralisk x5  
  200  33:37  Overlord  
  200  33:40  Overlord  
  197  33:46  Overlord x3  
  197  34:07  Hydralisk  
  197  34:09  Lurker  
  200  34:13  Overseer x2  
  188  34:35  Overseer, Hydralisk x6  
  200  34:50  Lurker x3  
  200  34:58  Overseer  
  197  35:02  Hydralisk x3  
  171  35:32  Hydralisk x3  
  171  35:33  Hydralisk x9  
  192  35:36  Overseer x2  
  180  35:57  Hydralisk x2  
  184  36:04  Overseer  
  184  36:12  Lurker x3  
  187  36:27  Overseer x2  
  179  36:34  Overseer x3  
  147  36:48  Overseer  
  147  36:51  Hydralisk x4  
  130  36:56  Overseer x3  
  130  37:07  Overseer x3  

Tags
 
Add a new tag
Caveats
  • Supply blocks, unpowered buildings, or Contaminate may cause inaccurate times.
  • Supply counts are checked every 10 seconds.